 Dungeon Crawl Stone Soup version 0.31.0-32-g396128a36d (webtiles) character file.

Game seed: 738581396698188105

84 unlimited1921 the Chopper (level 4, 0/41 HPs)
             Began as a Gnoll Cinder Acolyte on Mar 27, 2024.
             Was a High Priest of Ignis.
             Slain by Terence
             ... wielding a +0 flail
              (6 damage)
             ... on level 3 of the Dungeon.
             The game lasted 00:07:33 (4683 turns).

unlimited1921 the Chopper (Gnoll Cinder Acolyte)    Turns: 4683, Time: 00:07:34

Health: 0/41       AC:  4    Str: 14    XL:     4   Next: 45%
Magic:  8/8        EV: 11    Int: 15    God:    Ignis [*****.]
Gold:   114        SH:  0    Dex:  7    Spells: 9/9 levels left

rFire   + . .        j - +1 short sword (flame)
rCold   . . .        (no shield)
rNeg    . . .        q - +0 leather armour
rPois   .            (no helmet)
rElec   .            (no cloak)
rCorr   .            p - +0 pair of gloves
SInv    .            (no boots)
Will    +....        e - amulet of magic regeneration
Stlth   +            h - ring of willpower
HPRegen 0.26/turn    (no ring)
MPRegen 0.51/turn

%: no passive effects
@: no status effects
A: fangs 1, strong nose, distributed training
a: Renounce Religion, Fiery Armour, Foxfire Swarm, Rising Flame


You were on level 3 of the Dungeon.
You worshipped Ignis.
Ignis was extremely pleased with you.
You visited 1 branch of the dungeon, and saw 3 of its levels.

You collected 114 gold pieces.

Inventory:

Hand Weapons
 a - a -1 hand axe of flaming
 g - a +0 whip of freezing
 j - a +1 short sword of flaming (weapon)
 k - a +0 spear
 l - a +1 short sword of distortion
 v - a +2 dagger of venom
Missiles
 f - 3 datura-tipped darts
 w - 4 boomerangs (quivered)
Armour
 b - a +0 robe
 m - a +0 scale mail
 p - a +0 pair of gloves (worn)
 q - a +0 leather armour (worn)
Jewellery
 e - an amulet of magic regeneration (around neck)
 h - a ring of willpower (left hand)
 t - a ring of magical power
Scrolls
 c - a scroll of fog {unknown}
 n - a scroll of enchant armour {unknown}
 r - a scroll of enchant weapon {unknown}
 s - 2 scrolls of identify {unknown}
Potions
 d - 2 potions of degeneration {unknown}
 i - a potion of brilliance {unknown}
 o - 2 potions of curing {unknown}
 u - a potion of haste {unknown}


   Skills:
 + Level 6.6 Fighting
 + Level 1.2 Short Blades
 + Level 1.2 Long Blades
 + Level 6.6 Axes
 + Level 1.2 Maces & Flails
 + Level 1.2 Polearms
 + Level 1.2 Staves
 + Level 1.2 Ranged Weapons
 + Level 1.2 Throwing
 + Level 1.2 Armour
 + Level 1.2 Dodging
 + Level 1.2 Stealth
 + Level 1.2 Shields
 + Level 1.2 Unarmed Combat
 + Level 3.0 Spellcasting
 + Level 1.0 Conjurations
 + Level 1.0 Hexes
 + Level 1.0 Summonings
 + Level 1.0 Necromancy
 + Level 1.0 Translocations
 + Level 5.5 Fire Magic
 + Level 1.0 Ice Magic
 + Level 1.0 Air Magic
 + Level 1.0 Earth Magic
 + Level 1.0 Alchemy
 + Level 1.3 Invocations
 + Level 1.2 Evocations
 + Level 1.1 Shapeshifting


You had 9 spell levels left.
You didn't know any spells.
Your spell library contained the following spells:

 Spells                   Type           Power      Damage    Failure   Level
 Scorch                   Fire           36%        2d6       3%          2


Dungeon Overview and Level Annotations

Branches:
Dungeon (3/15)

Altars:
Hepliaklqana
Vehumet

Annotations:
D:3 Terence


Innate Abilities, Weirdness & Mutations

You have very sharp teeth.
Your uncanny sense of smell can sniff out nearby items.
Your experience applies equally to all skills.


Message History

The orc throws a stone.
The stone closely misses you.
The stone hits Terence but does no damage.
Terence closely misses you.
You barely miss Terence.
Terence is heavily wounded.
The orc throws a stone.
The stone completely misses you.
The stone closely misses Terence.
Terence closely misses you.
You hit Terence but do no damage.
Terence is heavily wounded.
Terence barely misses you.
You hit Terence but do no damage.
Terence is heavily wounded.
Terence says, "Time to say good-bye..."
Terence barely misses you.
You hit Terence. You burn Terence.
Terence is severely wounded.
The orc throws a stone.
The stone hits you but does no damage. Terence barely misses you.
You hit Terence but do no damage.
Terence is severely wounded.
Terence hits you with a +0 flail!
You hit Terence but do no damage.
Terence is severely wounded.
Terence closely misses you.
You hit Terence but do no damage.
Terence is severely wounded.
Terence barely misses you.
You barely miss Terence.
Terence is severely wounded.
Terence barely misses you.
You hit Terence but do no damage. You bite Terence, but do no damage.
Terence is severely wounded.
The orc throws a stone.
The stone barely misses you.
The stone hits Terence.
Terence hits you with a +0 flail!
* * * LOW HITPOINT WARNING * * *
You hit Terence but do no damage. You bite Terence, but do no damage.
Terence is severely wounded.
Terence hits you with a +0 flail.
You die...
Terence says, "That felt goooood."

#.. #.......... #...#
#..........
#...########..........
#.......<.............
#...........#.........
#
#................####.
. #................#
#.#.≈≈≈≈≈.≈≈≈......#
#.#.≈.@@....≈o.....#
#...≈.#####.≈.........#
##..≈.#..@..≈.......#.#
#..≈.#._.#.≈...>...# #
##.≈.....#.≈.......#
#.≈.#####.≈.......#
#.≈.. ..≈.......#
#.≈≈≈≈ ≈≈≈.......####
#...... .....###....#.


You could see Terence and an orc.

Vanquished Creatures
  2 adders (D:3)
  2 ufetubi (D:3)
  A ribbon worm (D:2)
  An orc (D:3)
  3 bats
  3 endoplasms
  2 giant cockroaches
  5 hobgoblins
  9 jackals
  2 kobolds
  2 quokkas (D:1)
  4 ball pythons
  2 frilled lizards (D:2)
  5 goblins
  4 rats
47 creatures vanquished.

Notes
Turn   | Place    | Note
-------+----------+-------------------------------------------
     0 | D:1      | unlimited1921 the Gnoll Cinder Acolyte began the quest for
                  | the Orb.
     0 | D:1      | Reached XP level 1. HP: 23/23 MP: 4/4
  1236 | D:1      | Reached XP level 2. HP: 29/29 MP: 5/5
  1682 | D:1      | You fall into a shaft and drop 1 floor!
  2675 | D:2      | Reached XP level 3. HP: 34/35 MP: 7/7
  3154 | D:2      | Reached skill level 1 in Invocations
  3781 | D:3      | Reached skill level 1 in Short Blades
  3781 | D:3      | Reached skill level 1 in Long Blades
  3781 | D:3      | Reached skill level 1 in Maces & Flails
  3781 | D:3      | Reached skill level 1 in Polearms
  3781 | D:3      | Reached skill level 1 in Staves
  3781 | D:3      | Reached skill level 1 in Ranged Weapons
  3781 | D:3      | Reached skill level 1 in Throwing
  3781 | D:3      | Reached skill level 1 in Armour
  3781 | D:3      | Reached skill level 1 in Dodging
  3781 | D:3      | Reached skill level 1 in Stealth
  3781 | D:3      | Reached skill level 1 in Shields
  3781 | D:3      | Reached skill level 1 in Unarmed Combat
  3781 | D:3      | Reached skill level 1 in Evocations
  3796 | D:3      | Reached skill level 1 in Shapeshifting
  3796 | D:3      | Reached XP level 4. HP: 31/41 MP: 8/8
  4161 | D:3      | Found a radiant altar of Vehumet.
  4493 | D:3      | Reached skill level 1 in Conjurations
  4493 | D:3      | Reached skill level 1 in Hexes
  4493 | D:3      | Reached skill level 1 in Summonings
  4493 | D:3      | Reached skill level 1 in Necromancy
  4493 | D:3      | Reached skill level 1 in Translocations
  4493 | D:3      | Reached skill level 1 in Ice Magic
  4493 | D:3      | Reached skill level 1 in Air Magic
  4493 | D:3      | Reached skill level 1 in Earth Magic
  4493 | D:3      | Reached skill level 1 in Alchemy
  4636 | D:3      | Found a hazy altar of Hepliaklqana.
  4645 | D:3      | Noticed Terence
  4683 | D:3      | Slain by Terence

Illustrated notes

Levels and vault maps discovered:
D:1:      saegor_arrival_simple_c, layout_rooms,
          shapermc_ecumenical_altar_mp_urbaneastern
D:2:      layout_loops_corners, minmay_misc_feat_columns, minivault_24
D:3:      layout_basic, overflow_temple_1_default, mainiacjoe_overflow_brackets,
          yredelemnul_forgotten_temple_becter, kennysheep_generic_room_15,
          uniq_terence

Skill      XL: |  1  2  3  4 |
---------------+-------------+-----
Invocations    | 1 |  1.3
Short Blades   | 1 |  1.2
Long Blades    | 1 |  1.2
Maces & Flails | 1 |  1.2
Polearms       | 1 |  1.2
Staves         | 1 |  1.2
Ranged Weapons | 1 |  1.2
Throwing       | 1 |  1.2
Armour         | 1 |  1.2
Dodging        | 1 |  1.2
Stealth        | 1 |  1.2
Shields        | 1 |  1.2
Unarmed Combat | 1 |  1.2
Evocations     | 1 |  1.2
Shapeshifting  | 1 |  1.1
Spellcasting   | 3 |  3.0
Conjurations   | 1 |  1.0
Hexes          | 1 |  1.0
Summonings     | 1 |  1.0
Necromancy     | 1 |  1.0
Translocations | 1 |  1.0
Ice Magic      | 1 |  1.0
Air Magic      | 1 |  1.0
Earth Magic    | 1 |  1.0
Alchemy        | 1 |  1.0
Fighting       | |  6.6
Axes           | |  6.6
Fire Magic     | |  5.5

Action                     |  1- 3 |  4- 6 || total
---------------------------+-------+-------++-------
  Melee: Hand axe          |    25 |       ||    25
         Bite              |    15 |     5 ||    20
         Short sword       |   138 |    74 ||   212
         Punch             |     1 |     1 ||     2
  Throw: Dart              |     3 |       ||     3
         Boomerang         |     3 |     2 ||     5
 Armour: Robe              |    16 |       ||    16
         Leather armour    |   103 |    42 ||   145
  Dodge: Dodged            |   144 |    60 ||   204
